 Dungeon Crawl Stone Soup version 0.29.1-15-g9cfb28693d (webtiles) character file.

Game seed: 8053879899505133009

8144 ThatPearl the Geomancer (level 10, -4/80 HPs)
             Began as a Demigod Earth Elementalist on Mar 19, 2023.
             Slain by a killer bee (11 damage)
             ... on level 10 of the Dungeon.
             The game lasted 00:40:10 (11610 turns).

ThatPearl the Geomancer (DgEE)                     Turns: 11610, Time: 00:40:11

Health: -4/80      AC: 10    Str:  9    XL:     10   Next: 78%
Magic:  11/25      EV: 19    Int: 33    God:
Gold:   899        SH:  0    Dex: 14    Spells: 12/24 levels left

rFire   . . .      SeeInvis .   H - +5 dagger (freeze)
rCold   . . .      Faith    .   (no shield)
rNeg    + . .      Spirit   .   I - +1 robe {rN+}
rPois   .          Reflect  .   J - +0 helmet
rElec   .          Harm     .   m - +0 cloak
rCorr   .          Rampage  .   (no gloves)
Will    +....                   k - +0 pair of boots
Stlth   +++.......              (no amulet)
HPRegen 0.23/turn               r - ring "Payggef" {Fly EV+4 Int+4 Slay+2 Stlth+}
MPRegen 0.19/turn               s - +4 ring of protection

@: lethally poisoned (-4 -> -10), flying
A: high MP 1, forlorn, divine attributes
a: no special abilities


You were on level 10 of the Dungeon.
You visited 1 branch of the dungeon, and saw 10 of its levels.
You also visited: Bailey.

You collected 899 gold pieces.

Inventory:

Hand Weapons
 y - a +0 war axe of flaming
 H - a +5 dagger of freezing (weapon)
 L - the +11 longbow of Subterfuge {venom, rPois Will+ Int-5 SInv}
   (You found it on level 9 of the Dungeon)

   Any ammunition fired from it poisons the flesh of those it strikes.
   Int:       It affects your intelligence (-5).
   rPois:     It protects you from poison.
   SInv:      It lets you see invisible.
   Will:      It increases your willpower.
 T - a +3 spear of freezing
Missiles
 e - 81 stones
 P - 7 throwing nets
 R - 3 boomerangs of dispersal
Armour
 k - a +0 pair of boots (worn)
 m - a +0 cloak (worn)
 I - a +1 robe of positive energy (worn)
 J - a +0 helmet (worn)
Magical Staves
 g - a staff of poison
Jewellery
 a - a +4 ring of slaying
 r - the ring "Payggef" (left hand) {Fly EV+4 Int+4 Slay+2 Stlth+}
   (You found it on level 3 of the Dungeon)

   [ring of evasion]

   EV:        It affects your evasion (+4).
   Int:       It affects your intelligence (+4).
   Slay:      It affects your accuracy & damage with ranged weapons and melee
   (+2).
   Fly:       It grants you flight.
   Stlth:     It makes you more stealthy.
 s - a +4 ring of protection (right hand)
 C - a ring of willpower
 O - a ring of flight
 Q - the ring "Niss" {rPois AC+4 Int+4}
   (You took it off a gnoll sergeant in a bailey)

   [ring of protection]

   AC:        It affects your AC (+4).
   Int:       It affects your intelligence (+4).
   rPois:     It protects you from poison.
Wands
 n - a wand of charming (10)
 o - a wand of polymorph (14)
Scrolls
 c - a scroll of enchant armour {unknown}
 d - a scroll of amnesia
 f - a scroll of magic mapping {unknown}
 l - 3 scrolls of noise
 q - 2 scrolls of teleportation
 u - a scroll of fog {unknown}
 v - 4 scrolls of poison
 w - a scroll of acquirement {unknown}
 x - a scroll of blinking {unknown}
 D - a scroll of enchant weapon {unknown}
 E - a scroll of vulnerability
 F - a scroll of silence {unknown}
 G - a scroll of fear {unknown}
 K - a scroll of immolation {unknown}
 M - a scroll of summoning {unknown}
 N - 2 scrolls of identify
Potions
 b - a potion of magic
 h - 3 potions of mutation
 i - 2 potions of lignification
 j - 2 potions of curing
 p - 2 potions of attraction
 t - 4 potions of ambrosia
 z - a potion of haste {unknown}
 A - 4 potions of heal wounds
 B - a potion of resistance {unknown}
 S - a potion of flight {unknown}


   Skills:
 - Level 4.4 Fighting
 + Level 6.7 Dodging
 - Level 1.7 Stealth
 + Level 7.5 Spellcasting
 + Level 6.3 Conjurations
 - Level 4.0 Transmutations
 + Level 8.4 Earth Magic


You had 12 spell levels left.
You knew the following spells:

 Your Spells              Type           Power      Damage    Failure   Level
a - Stone Arrow           Conj/Erth      100%       3d13      1%          3
b - Blink                 Tloc           24%        N/A       5%          2
p - Petrify               Tmut/Erth      52%        N/A       2%          4
s - Sandblast             Erth           100%       2d20      1%          1
w - Passwall              Tmut/Erth      43%        N/A       1%          2

Your spell library contained the following spells:

 Spells                   Type           Power      Damage    Failure   Level
 Magic Dart               Conj           100%       1d8       1%          1
 Searing Ray              Conj           100%       2d8       1%          2
 Apportation              Tloc           24%        N/A       3%          1
 Necrotise                Necr           48%        1d6       3%          1
 Summon Small Mammal      Summ           48%        N/A       3%          1
 Animate Armour           Summ/Erth      80%        N/A       6%          4
 Fulminant Prism          Conj/Hex       16%        3d11      10%         4
 Call Canine Familiar     Summ           12%        N/A       11%         3
 Summon Guardian Golem    Hex/Summ       12%        N/A       11%         3
 Manifold Assault         Tloc           12%        N/A       71%         5
 Storm Form               Tmut/Air       12%        N/A       100%        7
 Lehudib's Crystal Spear  Conj/Erth      28%        10d8      100%        8


Dungeon Overview and Level Annotations

Branches:
Dungeon (10/15)            Temple (0/1) D:4            Lair (0/5) D:10
    Orc (0/2) D:10         Bailey (visited)

Shops:
D:6 (


Innate Abilities, Weirdness & Mutations

You have an increased reservoir of magic. (+10% MP)
You shall have no god before yourself.
Your divine heritage dramatically boosts your attributes as you level up.


Message History

The killer bee misses you.
You begin to meditate on the wall.
You continue meditating on the rock.
The killer bee barely misses you. x2; The killer bee misses you.
The queen bee stings you. The killer bee misses you.
The killer bee completely misses you. The killer bee misses you.
The killer bee stings you.
* * * LOW HITPOINT WARNING * * *
You continue meditating on the rock.
The killer bee closely misses you. x2; The killer bee completely misses you.
The killer bee misses you.
The queen bee calls on the killer bee to defend it!
The killer bee goes berserk!
The queen bee calls on the killer bee to defend it!
The killer bee goes berserk!
The killer bee barely misses you.
The killer bee closely misses you. x2; The killer bee stings you!
* * * LOW HITPOINT WARNING * * *
You continue meditating on the rock.
You feel stable enough to blink again. The killer bee barely misses you.
The killer bee misses you. The killer bee stings you.
* * * LOW HITPOINT WARNING * * *
You are poisoned.
The killer bee poisons you! The killer bee completely misses you.
The killer bee barely misses you. The killer bee completely misses you.
The queen bee calls on the killer bee to defend it!
The killer bee goes berserk!
The queen bee calls on the killer bee to defend it!
The killer bee goes berserk!
The killer bee misses you.
The killer bee completely misses you. x2
The killer bee stings you but does no damage.
You continue meditating on the rock.
* * * LOW HITPOINT WARNING * * *
You feel very sick. The killer bee misses you.
The killer bee closely misses you. The killer bee misses you.
The killer bee closely misses you. The killer bee barely misses you.
The killer bee completely misses you.
The killer bee stings you but does no damage. x2
The queen bee misses you. The killer bee completely misses you.
The killer bee stings you!
You die... #.## #.# #..# #.# ##.# #.# ########## ####†##### #.# †..y†...# #........# #<# .y.y†..####........# #.# ..y!..'..#yy......# #.# .y†..†##y.yyy.....# #.# .y†yy

###y@y.....# #.# ###y#
######.### #.# ##.# #..# #.#
#..# #.## #.# #.## ######'####
###'# ##'## #.........######....
#...#####.........'...##....
#.#.###.#...+.........###..#....
+.......#.###.........# ##.'....


You could see a queen bee and 7 killer bees.

Vanquished Creatures
  Pikel (D:9)
  A manticore (D:10)
  Psyche (D:8)
  A shadow (D:9)
  4 yaks (D:10)
  A wyvern (D:9)
  Grum (Bailey)
  A water moccasin (D:8)
  4 orc warriors
  5 sky beasts
  3 ice beasts
  2 ogres
  5 wolves (Bailey)
  A centaur (D:5)
  A lemure (D:9)
  2 phantoms
  2 bullfrogs (D:7)
  11 gnoll sergeants
  4 scorpions
  3 wights (D:8)
  5 jellies
  25 killer bees
  8 howler monkeys
  7 orc priests
  7 hounds
  5 gnoll boudas (Bailey)
  6 orc wizards
  9 adders
  27 gnolls
  2 shadow imps
  An ufetubus (D:5)
  A worm (D:4)
  A dart slug (D:4)
  58 orcs
  6 endoplasms
  4 giant cockroaches
  7 goblins
  11 hobgoblins
  3 jackals (D:1)
  3 kobolds
  5 quokkas
  2 ball pythons (D:1)
  2 bats (D:2)
  3 frilled lizards (D:1)
  3 rats
265 creatures vanquished.

Vanquished Creatures (others)
  10 plants
10 creatures vanquished.

Grand Total: 275 creatures vanquished

Notes
Turn   | Place    | Note
-------+----------+-------------------------------------------
     0 | D:1      | ThatPearl the Demigod Earth Elementalist began the quest
                  | for the Orb.
     0 | D:1      | Reached XP level 1. HP: 14/14 MP: 5/5
   208 | D:1      | Reached XP level 2. HP: 11/22 MP: 1/7
   429 | D:1      | Reached skill level 1 in Fighting
   429 | D:1      | Reached skill level 3 in Earth Magic
  1318 | D:2      | Reached XP level 3. HP: 28/28 MP: 7/9
  1862 | D:2      | Reached XP level 4. HP: 23/36 MP: 6/10
  2591 | D:3      | Identified the ring "Payggef" {Fly EV+4 Int+4 Slay+2
                  | Stlth+}
  2685 | D:3      | Learned a level 2 spell: Passwall
  2689 | D:3      | Learned a level 3 spell: Stone Arrow
  3047 | D:4      | Learned a level 2 spell: Blink
  3075 | D:4      | Found a staircase to the Ecumenical Temple.
  3145 | D:4      | Reached skill level 1 in Conjurations
  3145 | D:4      | Reached XP level 5. HP: 28/42 MP: 7/12
  3762 | D:4      | Noticed an ogre
  3819 | D:4      | Reached skill level 4 in Earth Magic
  4239 | D:4      | Killed an ogre
  4240 | D:4      | Reached XP level 6. HP: 51/51 MP: 7/14
  4644 | D:5      | Entered Level 5 of the Dungeon
  4965 | D:5      | Reached XP level 7. HP: 57/57 MP: 13/16
  5148 | D:5      | Reached skill level 5 in Earth Magic
  5797 | D:6      | You are sucked into a shaft and drop 1 floor!
  5827 | D:7      | Reached XP level 8. HP: 67/67 MP: 13/18
  5841 | D:7      | Learned a level 4 spell: Petrify
  6006 | D:6      | Found Oliosch Riud's Antique Weapon Boutique.
  6135 | D:6      | Reached skill level 5 in Spellcasting
  6431 | D:6      | Reached skill level 6 in Earth Magic
  7255 | D:7      | Reached skill level 5 in Conjurations
  7293 | D:7      | Reached XP level 9. HP: 72/72 MP: 16/21
  7375 | D:7      | Reached skill level 1 in Transmutations
  7667 | D:7      | Identified the +0 ring mail of Focus {Harm Fly Str+3
                  | Stlth+}
  8161 | D:8      | Reached skill level 7 in Earth Magic
  8275 | D:8      | Noticed Psyche
  8281 | D:8      | Killed Psyche
  8732 | D:9      | Reached skill level 5 in Dodging
  9190 | D:9      | Noticed Pikel
  9215 | D:9      | Killed Pikel
  9258 | D:9      | Reached XP level 10. HP: 51/80 MP: 19/23
  9473 | D:9      | Identified the +11 longbow of Subterfuge {venom, rPois
                  | Will+ Int-5 SInv}
  9616 | D:10     | Entered Level 10 of the Dungeon
  9690 | D:10     | Found a staircase to the Lair.
  9833 | D:10     | Found a flagged portal.
  9879 | Bailey   | Entered a bailey
 10355 | Bailey   | Noticed Grum
 10360 | Bailey   | Killed Grum
 10409 | Bailey   | Reached skill level 8 in Earth Magic
 10663 | Bailey   | Identified the ring "Niss" {rPois AC+4 Int+4}
 10953 | D:10     | Found a staircase to the Orcish Mines.
 11337 | D:10     | Noticed a manticore
 11341 | D:10     | Killed a manticore
 11610 | D:10     | Slain by a killer bee

Illustrated notes

Levels and vault maps discovered:
D:1:      minmay_arrival_diagonal_passages, layout_basic, chequers_mini_garden
D:2:      layout_basic
D:3:      layout_basic, hellmonk_ecumenical_altar_leap_of_faith
D:4:      layout_layer_cave, minmay_temple_entry_junction
D:5:      layout_basic, fedhas_ov_isle_minmay
D:6:      layout_basic, serial_shops, nicolae_square_shop
D:7:      layout_loops_cross, nzn_wu_jian_council_hall,
          nicolae_hepliaklqana_hazy_memory
D:8:      layout_gridville, uniq_psyche
D:9:      layout_basic, general_overflow_altar, uniq_pikel
D:10:     layout_roguey [special_room_bee], lemuel_doored_altar,
          hiddenorc2_lemuel, enter_bailey_2

Skill      XL: |  1  2  3  4  5  6  7  8  9 10 |
---------------+-------------------------------+-----
Spellcasting   | 2 3 4 5 6 7 |  7.5
Fighting       | 1 2 3 4 |  4.4
Earth Magic    | 3 4 5 6 7 8 |  8.4
Conjurations   | 1 2 3 5 6 |  6.3
Dodging        | 3 5 6 |  6.7
Transmutations | 3 4 |  4.0
Stealth        | |  1.7

Action                   |  1- 3 |  4- 6 |  7- 9 | 10-12 || total
-------------------------+-------+-------+-------+-------++-------
Melee: Hand axe          |    21 |       |       |       ||    21
       Dagger            |    15 |     9 |     7 |     2 ||    33
 Cast: Sandblast         |    41 |    63 |   175 |   208 ||   487
       Stone Arrow       |       |     2 |    10 |     4 ||    16
       Blink             |       |       |     1 |     1 ||     2
       Passwall          |       |       |       |     2 ||     2
  Use: Scroll            |       |       |       |    11 ||    11
       Potion            |       |       |       |     1 ||     1
 Stab: Sleeping          |       |     3 |       |       ||     3
Armor: Robe              |    10 |     7 |    30 |    33 ||    80
Dodge: Dodged            |    40 |    29 |    94 |   163 ||   326
